 Dungeon Crawl Stone Soup version 0.32-a0-705-g60f233581c (webtiles) character file.

Game seed: 4642019865349717526

200 Dordric the Shooter (level 5, -1/38 HPs)
             Began as a Coglin Hunter on Mar 11, 2024.
             Slain by an orc wizard
             ... wielding a +0 dagger
              (2 damage)
             ... on level 2 of the Dungeon on Mar 14, 2024.
             The game lasted 00:02:05 (1163 turns).

Dordric the Shooter (Coglin Hunter)                 Turns: 1163, Time: 00:02:06

Health: -1/38      AC:  3    Str: 11    XL:     5   Next: 79%
Magic:  5/5        EV: 11    Int:  9    God:
Gold:   111        SH:  0    Dex: 19    Spells: 4/4 levels left

rFire   . . .        a - +2 sling {Fredrik}
rCold   . . .        d - +0 sling {Suni}
rNeg    . . .        c - +0 leather armour
rPois   .            (no helmet)
rElec   .            (no cloak)
rCorr   .            (no gloves)
SInv    .            (no boots)
Will    .....        (amulet unavailable)
Stlth   ++           (ring unavailable)
HPRegen 0.26/turn    (ring unavailable)
MPRegen 0.09/turn    (no gizmo)

%: no passive effects
@: revved
A: off-hand wielding, slow wielding, warmup strikes, no jewellery
a: Invent Gizmo


You were on level 2 of the Dungeon.
You visited 1 branch of the dungeon, and saw 2 of its levels.

You collected 111 gold pieces.

Inventory:

Hand Weapons
 a - a +2 sling (weapon) {Fredrik}
 d - a +0 sling (offhand) {Suni}
Armour
 c - a +0 leather armour (worn)
Scrolls
 b - a scroll of butterflies
 f - a scroll of poison {unknown}
 g - 2 scrolls of identify {unknown}
 h - a scroll of revelation {unknown}
Potions
 e - a potion of heal wounds


   Skills:
 - Level 2.1 Fighting
 + Level 6.1 Ranged Weapons
 - Level 1.9 Dodging
 - Level 1.0 Stealth


You had 4 spell levels left.
You didn't know any spells.
Your spell library contained the following spells:

 Spells                   Type           Power      Damage    Failure   Level
 Foxfire                  Conj/Fire      0%         2x1d4     47%         1
 Plasma Beam              Fire/Air       0%         2x1d10    100%        6
 Starburst                Conj/Fire      0%         6d3       100%        6


Dungeon Overview and Level Annotations

Branches:
Dungeon (2/15)

Altars:


Innate Abilities, Weirdness & Mutations

You can wield a second weapon in your off-hand.
It takes a long time for you to wield or remove held weapons.
Your first few attacks do less damage.
You cannot equip rings or amulets.


Message History

You miss the orc wizard with your +2 sling.
The orc wizard is heavily wounded.
You clumsily bash the orc wizard but do no damage.
You feel less confused. Something hits you. The orc wizard misses you.
The orc wizard closely misses you.
You hear some strange, mumbled words.
A puff of flame appears from out of thin air!
The puff of flame hits you.
* * * LOW HITPOINT WARNING * * *
You are too injured to fight recklessly!
You shoot a sling bullet.
The sling bullet closely misses the orc wizard.
You shoot a sling bullet. The sling bullet hits the orc wizard.
The orc wizard is severely wounded.
Something completely misses you.
The orc wizard points at you and mumbles some strange words.
The magic dart hits you.
* * * LOW HITPOINT WARNING * * *
You shoot a sling bullet.
The sling bullet completely misses the orc wizard.
You shoot a sling bullet. The sling bullet misses the orc wizard.
Something hits you.
* * * LOW HITPOINT WARNING * * *
The orc wizard hits you but does no damage.
You shoot a sling bullet.
The sling bullet closely misses the orc wizard.
You shoot a sling bullet.
The sling bullet barely misses the orc wizard.
Something hits you.
* * * LOW HITPOINT WARNING * * *
The orc wizard gestures at you while chanting.
You resist with some effort.
You shoot a sling bullet.
The sling bullet hits the orc wizard but does no damage.
The orc wizard is severely wounded.
You shoot a sling bullet. The sling bullet hits the orc wizard.
You kill the orc wizard!
Something hits you.
You die...

# #. .# #.. ###.# #...
..#.# #.)..##.#.#####
>.....K{.>.....
########## #@#.#
#........#.##.#.#
#.######.#......#
#.#......####.#.#
####.#.#########.#.####
.......#..............#
.†.#.###.#######.#.##.#
.....###.#.#####.#.# ..
###..............#.# ##


You could see a kobold.

Vanquished Creatures
  Sigmund (D:2)
  An orc wizard (D:2)
  An adder (D:2)
  A dart slug (D:1)
  An orc (D:2)
  3 ball pythons
  3 bats
  5 endoplasms (D:1)
  A giant cockroach (D:1)
  A hobgoblin (D:1)
  2 jackals (D:1)
  A kobold (D:2)
  3 quokkas
  A frilled lizard (D:1)
  5 rats
30 creatures vanquished.

Notes
Turn   | Place    | Note
-------+----------+-------------------------------------------
     0 | D:1      | Dordric the Coglin Hunter began the quest for the Orb.
     0 | D:1      | Reached XP level 1. HP: 16/16 MP: 1/1
    72 | D:1      | Reached skill level 1 in Stealth
    79 | D:1      | Reached XP level 2. HP: 22/22 MP: 2/2
   209 | D:1      | Reached skill level 4 in Ranged Weapons
   652 | D:2      | Upgraded the game from 0.32-a0-675-gdc239d62e1 to
                  | 0.32-a0-705-g60f233581c
   652 | D:2      | Reached XP level 3. HP: 27/27 MP: 3/3
   946 | D:2      | Noticed Sigmund
   969 | D:2      | Killed Sigmund
   970 | D:2      | Reached skill level 6 in Ranged Weapons
   970 | D:2      | Reached XP level 4. HP: 30/33 MP: 4/4
   970 | D:2      | Reached XP level 5. HP: 35/38 MP: 5/5
  1162 | D:2      | HP: 1/38 [something (3)]
  1163 | D:2      | Slain by an orc wizard

Illustrated notes

Levels and vault maps discovered:
D:1:      lightli_arrival_statue_moat, layout_basic,
          minmay_misc_feat_four_crosses
D:2:      layout_basic, basic_altar, nicolae_houndstooth_variations,
          uniq_sigmund

Skill      XL: |  1  2  3 |
---------------+----------+-----
Stealth        | 1 |  1.0
Ranged Weapons | 4 6 |  6.1
Fighting       | |  2.1
Dodging        | |  1.9

Action                     |  1- 3 |  4- 6 || total
---------------------------+-------+-------++-------
  Melee: Sling             |     6 |     8 ||    14
   Fire: Sling             |   128 |    28 ||   156
    Use: Potion            |     1 |       ||     1
 Armour: Leather armour    |    10 |    15 ||    25
  Dodge: Dodged            |     9 |    10 ||    19

Table legend: (Time is in decaauts)
 A = Elapsed time spent in this place.
 B = Non-inter-level travel time spent in this place.
 C = Inter-level travel time spent in this place.
 D = Time resting spent in this place.
 E = Time spent auto-exploring this place.
 F = Levels seen in this place.
 G = Mean time per level.
                   A        B        C        D        E       F      G
               +--------+--------+--------+--------+--------+-----+--------+
         Total |   1184 |   1174 |     10 |      0 |    975 |   2 |  592.0 |
       Dungeon |   1184 |   1174 |     10 |      0 |    975 |   2 |  592.0 |
               +--------+--------+--------+--------+--------+-----+--------+

Top non-repeatable levels by time:
     D:1: 606 daAuts
     D:2: 578 daAuts
